 Dungeon Crawl Stone Soup version 0.30.0-10-gfe55d96785 (webtiles) character file.

Game seed: 12178594093180167793

157 hito the Changer (level 5, -1/41 HPs)
             Began as a Draconian Transmuter on May 14, 2023.
             Was a Believer of Kikubaaqudgha.
             Splashed by a jelly's acid (3 damage)
             ... on level 4 of the Dungeon.
             The game lasted 00:06:28 (2500 turns).

hito the Changer (Draconian Transmuter)             Turns: 2500, Time: 00:06:29

Health: -1/41      AC: -2    Str: 12    XL:     5   Next: 15%
Magic:  6/9        EV: 19    Int: 16    God:    Kikubaaqudgha [**....]
Gold:   126        SH:  0    Dex: 16    Spells: 2/10 levels left

rFire   . .          .
                       - Unarmed
rCold   + . .        (shield currently unavailable)
rNeg    . . .        (body armour unavailable)
rPois   x            (helmet currently unavailable)
rElec   .            (cloak currently unavailable)
rCorr   .            (gloves currently unavailable)
SInv    .            (boots currently unavailable)
Will    .....        (no amulet)
Stlth   +            l - ring of wizardry
HPRegen 0.26/turn    f - ring of protection from cold
MPRegen 0.11/turn

%: wizardry (x1)
@: spider-form, corroded
A: venomous fangs, AC +5, tiny, unfitting armour, (cold-blooded)
a: End Transformation, Renounce Religion, Unearth Wretches


You were on level 4 of the Dungeon.
You worshipped Kikubaaqudgha.
Kikubaaqudgha was pleased with you.
You were a venomous arachnid creature.
You visited 1 branch of the dungeon, and saw 4 of its levels.

You collected 126 gold pieces.

Inventory:

Missiles
 e - 2 throwing nets
Jewellery
 f - a ring of protection from cold (right front pincers)
 l - a ring of wizardry (left front pincers)
Scrolls
 b - 2 scrolls of fear {unknown}
 c - a scroll of identify
 d - a scroll of teleportation {unknown}
 g - a scroll of vulnerability {unknown}
 h - a scroll of brand weapon {unknown}
 j - a scroll of immolation {unknown}
 o - a scroll of enchant armour {unknown}
 p - a scroll of noise {unknown}
 q - a scroll of poison {unknown}
Potions
 a - a potion of lignification
 i - 4 potions of curing
 k - a potion of cancellation
 m - a potion of mutation
 n - a potion of flight
 r - a potion of resistance {unknown}
 s - a potion of heal wounds {unknown}


   Skills:
 - Level 2.0 Fighting
 - Level 1.7 Dodging
 - Level 3.0 Unarmed Combat
 - Level 3.0 Spellcasting
 + Level 1.7 Necromancy
 + Level 3.7 Transmutations
 - Level 1.0 Poison Magic


You had 2 spell levels left.
You knew the following spells:

 Your Spells              Type           Power      Damage    Failure   Level
a - Beastly Appendage     Tmut           28%        N/A       5%          1
b - Necrotise             Necr           32%        1d5       9%          1
c - Spider Form           Tmut/Pois      9%         N/A       19%         3
d - Vampiric Draining     Necr           8%         2d6       21%         3

Your spell library contained the following spells:

 Spells                   Type           Power      Damage    Failure   Level
 Wereblood                Tmut           14%        N/A       7%          2
 Kiss of Death            Conj/Necr      20%        2d7       12%         1
 Sublimation of Blood     Necr           8%         N/A       13%         2
 Ice Form                 Ice/Tmut       8%         N/A       50%         4


Dungeon Overview and Level Annotations

Branches:
Dungeon (4/15)
 Temple: D:4-7

Altars:
Kikubaaqudgha
Uskayaw


Innate Abilities, Weirdness & Mutations

You are a venomous arachnid creature.
You have venomous fangs.
You are tiny and dextrous.
Your spellcasting is less reliable in this form.
Your armour is entirely melded.
You are incapable of wielding weapons or throwing items.
((Your plain brown scales are hard. (AC +5)))
You cannot fit into any form of body armour.
((You are cold-blooded and may be slowed by cold attacks.))


Message History

You start resting.
Magic restored.
Okay, then.
You see here a hound corpse.
r - a silvery potion
s - a black potion A jelly comes into view.
Found 10 gold pieces.
A giant cockroach comes into view.
Found a stone staircase leading up.
The jelly quivers.
You hit the giant cockroach but do no damage.
You tail-slap the giant cockroach.
The giant cockroach is moderately wounded.
The giant cockroach barely misses you.
Casting: Spider Form (dangerous; 9% risk of failure)
Confirm with . or Enter, or press ? or * to list all spells.
You turn into a venomous arachnid creature.
The giant cockroach misses you.
You hit the giant cockroach but do no damage.
The giant cockroach is poisoned.
The giant cockroach closely misses you. The jelly misses you.
You bite the jelly!
The jelly is poisoned.
The acid corrodes you!
Your front pincers burn!
The jelly is heavily wounded.
The giant cockroach closely misses you. The jelly hits you.
You are splashed with acid!
You hit the giant cockroach.
You kill the giant cockroach!
Kikubaaqudgha accepts your kill. The jelly hits you.
You are splashed with acid.
You hit the jelly.
Your front pincers burn!
The jelly is severely wounded.
The jelly hits you.
* * * LOW HITPOINT WARNING * * *
You are splashed with acid!
* * * LOW HITPOINT WARNING * * *
You hit the jelly.
Your front pincers burn!
You die...
Kikubaaqudgha rasps: "You have failed me!
Welcome... death!"

.<.........#
#..........#
#..........##
#......$....#
#.....".....#
#..........#
#...J†...#
#....s..#
#..##.....#
####..# #..#
#..## #...#
#...# #..
##..# #..#
#..#


You could see a jelly (very poisoned).

Vanquished Creatures
  A hound (D:4)
  4 gnolls
  4 adders
  2 worms (D:2)
  A dart slug (D:3)
  4 ball pythons
  8 endoplasms
  4 giant cockroaches
  3 hobgoblins
  3 jackals (D:1)
  2 kobolds
  A quokka (D:3)
  2 bats
  2 frilled lizards
  2 goblins
  3 rats
46 creatures vanquished.

Notes
Turn   | Place    | Note
-------+----------+-------------------------------------------
     0 | D:1      | hito the Draconian Transmuter began the quest for the Orb.
     0 | D:1      | Reached XP level 1. HP: 16/16 MP: 3/3
   250 | D:1      | Reached XP level 2. HP: 23/24 MP: 3/5
   616 | D:1      | Found a faded altar of an unknown god.
   621 | D:1      | Prayed at the altar of an unknown god.
   621 | D:1      | Became a worshipper of Kikubaaqudgha
   621 | D:1      | Reached * piety under Kikubaaqudgha
   621 | D:1      | Received a gift from Kikubaaqudgha
   624 | D:1      | Learned a level 1 spell: Necrotise
   817 | D:2      | Found a hide-covered altar of Uskayaw.
   962 | D:2      | Reached XP level 3. HP: 17/29 MP: 1/6
  1151 | D:1      | Learned a level 3 spell: Spider Form
  1185 | D:2      | Reached skill level 1 in Necromancy
  1185 | D:2      | Reached XP level 4. HP: 28/36 MP: 3/7
  1600 | D:3      | Learned a level 3 spell: Vampiric Draining
  1684 | D:3      | Reached skill level 1 in Poison Magic
  2231 | D:3      | Reached ** piety under Kikubaaqudgha
  2446 | D:4      | Reached XP level 5. HP: 39/41 MP: 6/9
  2499 | D:4      | HP: 2/41 [acid (9)]
  2500 | D:4      | Splashed by a jelly's acid

Illustrated notes

Levels and vault maps discovered:
D:1:      minmay_arrival_stone_box, layout_loops_ring,
          ebering_ecumenical_altar_mist, nicolae_eternal_life, amethyst_killhole
D:2:      layout_basic, basic_altar, serial_bayou_pond_a
D:3:      layout_basic
D:4:      layout_cave_pods, serial_shops, shop

Skill      XL: |  1  2  3  4 |
---------------+-------------+-----
Fighting       | 2 |  2.0
Transmutations | 3 |  3.7
Necromancy     | 1 |  1.7
Poison Magic   | 1 |  1.0
Spellcasting   | 3 |  3.0
Dodging        | |  1.7
Unarmed Combat | |  3.0

Action                     |  1- 3 |  4- 6 || total
---------------------------+-------+-------++-------
  Melee: Unarmed           |    69 |    63 ||   132
         Kick              |    15 |     9 ||    24
         Headbutt          |    10 |     2 ||    12
         Tailslap          |     5 |     7 ||    12
         Punch             |     1 |     1 ||     2
   Cast: Beastly Appendage |    14 |    10 ||    24
         Necrotise         |     3 |       ||     3
         Spider Form       |     1 |     2 ||     3
    Use: Scroll            |       |     5 ||     5
   Stab: Sleeping          |       |     1 ||     1
 Armour: Skin              |    21 |     9 ||    30
  Dodge: Dodged            |    46 |    45 ||    91
